 Dungeon Crawl Stone Soup version 0.31-a0-175-g9f7f995f2b (webtiles) character file.

Game seed: 681673083381607870

475 olmar the Covered (level 6, -3/45 (54) HPs)
             Began as an Armataur Fighter on June 18, 2023.
             Slain by a wight
             ... wielding a +1 spear
              (8 damage)
             ... on level 4 of the Dungeon.
             The game lasted 00:02:35 (2799 turns).

olmar the Covered (Armataur Fighter)                Turns: 2799, Time: 00:02:36

HP:   -3/45 (54)    AC:  7    Str: 24    XL:     6   Next: 84%
MP:   6/6           EV:  7    Int:  8    God:
Gold: 150           SH:  4    Dex:  9    Spells: 5/5 levels left

rFire   . . .        a - +0 flail
rCold   . . .        c - +0 buckler
rNeg    . . .        b - +0 scale mail
rPois   .            (no helmet)
rElec   .            (no cloak)
rCorr   .            (no gloves)
SInv    .            (no barding)
Will    .....        i - amulet of regeneration Stlth
                     h - ring of wizardry
HPRegen 1.07/turn    (no ring)
MPRegen 0.10/turn

%: roll, wizardry (x1)
@: heavily drained
A: large, rugged brown scales 3, deformed body, armoured tail, roll, long
tongue, awkward tongue
a: no special abilities


You were on level 4 of the Dungeon.
You visited 1 branch of the dungeon, and saw 4 of its levels.

You collected 150 gold pieces.

Inventory:

Hand Weapons
 a - a +0 flail (weapon)
Missiles
 g - a throwing net
Armour
 b - a +0 scale mail (worn)
 c - a +0 buckler (worn)
Jewellery
 h - a ring of wizardry (left hand)
 i - an amulet of regeneration (around neck)
 m - an amulet of magic regeneration
Scrolls
 j - a scroll of fear
 n - a scroll of teleportation {unknown}
 p - a scroll of enchant armour {unknown}
 q - a scroll of enchant weapon {unknown}
 s - a scroll of revelation {unknown}
 t - a scroll of blinking {unknown}
Potions
 d - 2 potions of might
 e - a potion of brilliance
 f - 2 potions of curing
 k - a potion of cancellation {unknown}
 l - a potion of mutation {unknown}
 r - a potion of haste {unknown}


   Skills:
 + Level 3.6 Fighting
 + Level 4.7 Maces & Flails
 + Level 5.5 Armour
 + Level 1.0 Dodging
 + Level 0.4 Stealth
 + Level 4.1 Shields


You had 5 spell levels left.
You didn't know any spells.
Your spell library contained the following spells:

 Spells                   Type           Power      Damage    Failure   Level
 Beastly Appendage        Tmut           0%         N/A       43%         1
 Blink                    Tloc           0%         N/A       56%         2
 Lesser Beckoning         Tloc           0%         N/A       56%         2
 Momentum Strike          Conj/Tloc      0%         3d8       56%         2
 Wereblood                Tmut           0%         N/A       56%         2
 Spider Form              Tmut/Pois      0%         N/A       78%         3
 Summon Forest            Summ/Tloc      0%         N/A       100%        5
 Summon Mana Viper        Hex/Summ       0%         N/A       100%        5
 Spellforged Servitor     Conj/Summ      0%         N/A       100%        7


Dungeon Overview and Level Annotations

Branches:
Dungeon (4/15)
 Temple: D:4-7

Altars:
Wu Jian
The Shining One

Annotations:
D:2 1 runed translucent door, Crazy Yiuf


Innate Abilities, Weirdness & Mutations

You are completely covered in rugged brown scales. (AC +3, +7% HP)
Armour fits poorly on your strangely shaped body.
You have a long armoured tail.
You roll when moving toward enemies. (Rampage)
Your long tongue fully drains potion bottles. (2x potion effects)
Your tongue gives you trouble enunciating. (1.5x scroll delay)


Message History

The scorpion barely misses you. You block the phantom's attack.
Unknown command.
As you slowly read the scroll of fear, it crumbles to dust.
You assume a fearsome visage.
The phantom is unaffected.
The wight is unaffected. x5; The scorpion looks frightened!
The wight hits you with a +3 great sword of freezing!
* * * LOW HITPOINT WARNING * * *
You feel drained.
* * * LOW HITPOINT WARNING * * *
The wight freezes you.
* * * LOW HITPOINT WARNING * * *
The phantom barely misses you.
The wight hits you from afar with a +1 spear.
* * * LOW HITPOINT WARNING * * *
You feel drained.
You feel better.
You slurp down every last drop of the potion of curing!
The wight hits you from afar with a +1 spear!
The phantom hits you.
* * * LOW HITPOINT WARNING * * *
The phantom blinks!
You blink.
Unknown command.
You feel better.
You slurp down every last drop of the potion of curing!
You block the phantom's attack.
The wight hits you from afar with a +0 spear.
Unknown command.
The phantom hits you but does no damage.
You closely miss the phantom.
The phantom is severely damaged.
The phantom hits you.
The phantom blinks!
You blink.
The wight closely misses you. The wight barely misses you.
The wight hits you with a +1 spear!
* * * LOW HITPOINT WARNING * * *
You feel drained.
* * * LOW HITPOINT WARNING * * *
The wight hits you from afar with a +0 spear.
* * * LOW HITPOINT WARNING * * *
The wight hits you with a +1 spear!
You die...

#........# #........#
#........# #..>.....#
#........##########
#..................
#####..............
###zzz...........
#..zz@...........
...######..W...........
.......ยงยง..............
...#########.#.....#
.#.....# .#.....#
.#.....# .#.....# #.....#


You could see a phantom and 5 wights.

Vanquished Creatures
  Grinder (D:3)
  Sigmund (D:3)
  An orc priest (D:4)
  A gnoll (D:1)
  3 adders
  4 worms (D:2)
  2 dart slugs
  5 orcs
  6 ball pythons
  4 bats
  2 endoplasms
  4 goblins
  7 hobgoblins
  2 jackals (D:1)
  2 quokkas (D:2)
  2 frilled lizards (D:2)
  6 kobolds
  6 rats
59 creatures vanquished.

Notes
Turn   | Place    | Note
-------+----------+-------------------------------------------
     0 | D:1      | olmar the Armataur Fighter began the quest for the Orb.
     0 | D:1      | Reached XP level 1. HP: 19/19 MP: 1/1
   326 | D:1      | Reached XP level 2. HP: 26/26 MP: 2/2
   367 | D:1      | Reached skill level 4 in Armour
   636 | D:1      | Reached XP level 3. HP: 25/32 MP: 3/3
  1349 | D:2      | Reached XP level 4. HP: 30/40 MP: 4/4
  1382 | D:2      | Found a runed translucent door.
  1383 | D:2      | Noticed Crazy Yiuf
  2047 | D:3      | Noticed Grinder
  2047 | D:3      | Paralysed by Grinder for 4 turns
  2055 | D:3      | Paralysed by Grinder for 3 turns
  2079 | D:3      | Paralysed by Grinder for 3 turns
  2089 | D:3      | Paralysed by Grinder for 3 turns
  2094 | D:3      | Killed Grinder
  2095 | D:3      | Reached skill level 5 in Armour
  2095 | D:3      | Reached XP level 5. HP: 14/48 MP: 5/5
  2095 | D:3      | Reached XP level 6. HP: 15/54 MP: 6/6
  2166 | D:3      | Noticed Sigmund
  2171 | D:3      | Killed Sigmund
  2172 | D:3      | Reached skill level 1 in Dodging
  2219 | D:3      | Found a faded altar of an unknown god.
  2238 | D:3      | Found a glowing golden altar of the Shining One.
  2296 | D:3      | Found an ornate altar of the Wu Jian Council.
  2349 | D:3      | Got the Directory of Baleful Summoning
  2793 | D:4      | HP: 2/48 [wight/+1 spear (3)]
  2799 | D:4      | Slain by a wight

Illustrated notes

Levels and vault maps discovered:
D:1:      onia_arrival_pyramid, layout_basic, serial_glass, glass_columns_b,
          glass_columns_b
D:2:      layout_basic, uniq_crazy_yiuf_cottage
D:3:      layout_loops_ring, mainiacjoe_overflow_catch_the_wave,
          basic_ecumenical_altar, uniq_grinder, uniq_sigmund
D:4:      layout_basic, mainiacjoe_overflow_brackets, kennysheep_dice,
          uniq_edmund

Skill      XL: |  1  2  3  4  5  6 |
---------------+-------------------+-----
Armour         | 4 5 |  5.5
Maces & Flails | 2 4 |  4.7
Fighting       | 3 |  3.6
Shields        | 4 |  4.1
Dodging        | 1 |  1.0
Stealth        | |  0.4

Action                     |  1- 3 |  4- 6 || total
---------------------------+-------+-------++-------
  Melee: Flail             |    80 |    96 ||   176
         Tailslap          |    12 |    10 ||    22
    Use: Scroll            |       |     5 ||     5
         Potion            |       |     3 ||     3
 Armour: Scale mail        |    42 |    42 ||    84
  Dodge: Dodged            |    28 |    27 ||    55
  Block: Buckler           |    14 |    13 ||    27

Table legend: (Time is in decaauts)
 A = Elapsed time spent in this place.
 B = Non-inter-level travel time spent in this place.
 C = Inter-level travel time spent in this place.
 D = Time resting spent in this place.
 E = Time spent auto-exploring this place.
 F = Levels seen in this place.
 G = Mean time per level.
                   A        B        C        D        E       F      G
               +--------+--------+--------+--------+--------+-----+--------+
         Total |   2849 |   2756 |     93 |      9 |   2308 |   4 |  712.2 |
       Dungeon |   2849 |   2756 |     93 |      9 |   2308 |   4 |  712.2 |
               +--------+--------+--------+--------+--------+-----+--------+

Top non-repeatable levels by time:
     D:2: 1003 daAuts
     D:1: 948 daAuts
     D:3: 765 daAuts
     D:4: 131 daAuts
